 Dungeon Crawl Stone Soup version 0.31-a0-851-g7ff8af7976 (webtiles) character file.

Game seed: 7781218670800079648

176247 Gladio the Warrior (level 18, -1/156 HPs)
             Began as a Formicid Fighter on Oct 6, 2023.
             Was a High Priest of Okawaru.
             Slain by a harpy skeleton (6 damage)
             ... on level 3 of the Abyss.
             The game lasted 01:20:42 (28335 turns).

Gladio the Warrior (Formicid Fighter)              Turns: 28335, Time: 01:20:43

Health: -1/156     AC: 40    Str: 28    XL:     18   Next: 78%
Magic:  25/25      EV: 10    Int: 12    God:    Okawaru [*****.]
Gold:   1584       SH: 24    Dex: 13    Spells: 17/17 levels left

rFire   . . .        D - +9 lajatang (spect)
rCold   . . .        b - +0 tower shield
rNeg    + . .        T - +8 orange crystal plate armour {Archmagi, Int+3 Clar}
rPois   +            (helmet unavailable)
rElec   .            i - +0 cloak
rCorr   .            y - +2 pair of gloves
SInv    +            z - +0 pair of boots
Will    +....        k - amulet of reflection Stlth
                     E - ring of poison resistance
HPRegen 0.00/turn    V - ring "Yserutua" {rN+ EV+5}
MPRegen 0.19/turn

%: reflection, clarity, archmagi
@: sick
A: permanent stasis, dig shafts and tunnels, antennae 3, four strong arms
a: Dig, Shaft Self, Renounce Religion, Heroism, Finesse, Duel


You were on level 3 of the Abyss.
You worshipped Okawaru.
Okawaru was extremely pleased with you.
You visited 5 branches of the dungeon, and saw 26 of its levels.
You visited the Abyss 2 times.

You collected 1971 gold pieces.
You spent 387 gold pieces at shops.

Inventory:

Hand Weapons
 D - a +9 spectral lajatang (weapon)
 U - a +4 lajatang of speed
Missiles
 n - 44 boomerangs
 v - 15 silver javelins (quivered)
 I - 4 throwing nets
Armour
 b - a +0 tower shield (worn)
 i - a +0 cloak (worn)
 y - a +2 pair of gloves (worn)
 z - a +0 pair of boots (worn)
 L - a +2 plate armour of cold resistance
 T - the +8 orange crystal plate armour (worn) {Archmagi, Int+3 Clar}
   (Okawaru gifted it to you on level 4 of the Lair of Beasts)

   Int+3:     It affects your intelligence (+3).
   Clar:      It protects you from confusion, rage, mesmerisation and fear.
Jewellery
 c - a ring of protection from fire
 k - an amulet of reflection (around neck)
 r - the ring of Wotetoaq {Str+6 Int+4 Dex+2}
   (You found it on level 3 of the Dungeon)

   [ring of strength]

   Str+6:     It affects your strength (+6).
   Int+4:     It affects your intelligence (+4).
   Dex+2:     It affects your dexterity (+2).
 E - a ring of poison resistance (left hand)
 F - a +6 ring of dexterity
 V - the ring "Yserutua" (right hand) {rN+ EV+5}
   (You found it on level 5 of the Lair of Beasts)

   [ring of evasion]

   EV+5:      It affects your evasion (+5).
   rN+:       It protects you from negative energy.
 Y - a ring of fire
Talismans
 B - a dragon-blood talisman
Wands
 s - a wand of polymorph (10)
 A - a wand of flame (34)
 J - a wand of mindburst (29)
 N - a wand of quicksilver (13)
 R - a wand of roots (22)
 S - a wand of digging (6)
Scrolls
 f - 12 scrolls of teleportation
 h - 5 scrolls of noise
 m - 2 scrolls of butterflies
 p - 5 scrolls of fog
 u - 5 scrolls of brand weapon
 G - 8 scrolls of vulnerability
 K - 4 scrolls of revelation
 M - a scroll of immolation
 O - 5 scrolls of fear
 P - a scroll of torment
 Q - 3 scrolls of silence
 W - a scroll of poison
 X - a scroll of enchant armour
Potions
 a - 2 potions of ambrosia
 d - 2 potions of might
 e - 3 potions of invisibility
 g - 3 potions of curing
 j - 3 potions of cancellation
 l - a potion of brilliance
 o - 5 potions of magic
 q - a potion of resistance
 t - 4 potions of lignification
 w - 4 potions of enlightenment
 x - 4 potions of mutation
 C - 3 potions of attraction


   Skills:
 * Level 17.7 Fighting
 - Level 16.0 Staves
 + Level 10.2 Throwing
 * Level 17.6 Armour
 - Level 16.0 Shields
 - Level 10.0 Invocations


You had 17 spell levels left.
You didn't know any spells.
Your spell library contained the following spells:

 Spells                   Type           Power      Damage    Failure   Level
 Sting                    Tmut/Pois      0%         1d3       100%        1
 Poisonous Vapours        Pois/Air       0%         N/A       100%        2
 Sigil of Binding         Hex            0%         N/A       100%        3
 Anguish                  Hex/Necr       0%         N/A       100%        4
 Cause Fear               Hex            0%         N/A       100%        4
 Dimensional Bullseye     Hex/Tloc       0%         N/A       100%        4
 Leda's Liquefaction      Hex/Erth       0%         N/A       100%        4
 Olgreb's Toxic Radiance  Pois           0%         N/A       100%        4
 Arcjolt                  Conj/Air       0%         1d10      100%        5
 Lee's Rapid Deconstruct  Erth           0%         3d4*      100%        5
 Bombard                  Conj/Erth      0%         9d1       100%        6
 Plasma Beam              Fire/Air       0%         2x1d10    100%        6
 Enfeeble                 Hex            0%         N/A       100%        7
 Discord                  Hex            0%         N/A       100%        8
 Ignition                 Fire           0%         3d3       100%        8
 Call Canine Familiar     Summ           Unusable   N/A       N/A         3
 Animate Armour           Summ/Erth      Unusable   N/A       N/A         4
 Summon Lightning Spire   Summ/Air       Unusable   N/A       N/A         4
 Vhi's Electric Charge    Tloc/Air       Unusable   N/A       N/A         4

Dungeon Overview and Level Annotations

Branches:
Dungeon (15/15) Temple (1/1) D:6 Lair (5/5) D:9 Swamp (0/4) Lair:2 Spider (3/4) Lair:3 Slime (0/5) Lair:4 Orc (2/2) D:10 Elf (0/3) Orc:2 Vaults (0/5) D:12 D:13 Depths (0/4) D:15

Altars:
Ashenzari
Cheibriados
Dithmenos
Elyvilon
Fedhas
Gozag
Hepliaklqana
Kikubaaqudgha
Makhleb
Nemelex Xobeh
Okawaru
Qazlal
Ru
Sif Muna
Trog
Uskayaw
Vehumet
Wu Jian
Xom
Yredelemnul
Zin
The Shining One
Jiyva
Lugonu

Shops:
D:9 (   D:13 [   D:14 [   Orc:1 =   Orc:2 [:[[

Portals:
Abyss: Lair:5

Annotations:
D:3 2 transporters, Ethylacetat's ghost, amateur OpSh
D:14 3 runed translucent doors, Couluus's ghost, journeyman MiBe; Ybissid's ghost, adept DjCj
Lair:5 3 runed translucent doors, Opifex's ghost, journeyman TrMo
Spider:3 Louise; Roxanne


Innate Abilities, Weirdness & Mutations

You cannot be hasted, slowed, berserked, paralysed or teleported.
You can dig through walls and to a lower floor.
You have a pair of large antennae on your head. (SInv)
Your four strong arms can wield two-handed weapons with a shield.


Message History

The thrashing horror tramples you but does no damage. x4
A smoke demon comes into view.
The smoke demon roars!
The thrashing horror barely misses you. The thrashing horror tramples you.
* * * LOW HITPOINT WARNING * * *
You hold your ground!
The harpy skeleton claws you but does no damage.
The harpy skeleton claws you.
* * * LOW HITPOINT WARNING * * *
You bump into the rock wall.
The thrashing horror churns violently!
The thrashing horror seems to grow stronger.
The thrashing horror tramples you but does no damage.
The thrashing horror closely misses you.
The harpy skeleton barely misses you.
The harpy skeleton claws you but does no damage. x2
The harpy skeleton claws you!
* * * LOW HITPOINT WARNING * * *
The thrashing horror tramples you but does no damage. x2
The harpy skeleton claws you.
* * * LOW HITPOINT WARNING * * *
The harpy skeleton barely misses you. The smoke demon gestures at you.
Something smites you!
* * * LOW HITPOINT WARNING * * *
The harpy skeleton attacks as it pursues you!
The harpy skeleton claws you but does no damage.
The harpy skeleton misses you. The harpy skeleton closely misses you.
The harpy skeleton claws you but does no damage.
You bump into the stone wall.
You feel less invigorated.
You feel less confused.
You block the harpy skeleton's attack. x3; The harpy skeleton claws you.
* * * LOW HITPOINT WARNING * * *
You block the harpy skeleton's attack.
The harpy skeleton claws you but does no damage.
A large abomination comes into view.
You slice the harpy skeleton!!
The harpy skeleton is severely damaged.
The harpy skeleton claws you.
You die...

. . #.#
.#.#.#.#
#.###. ##.#.#
# .# .## ..#.#
. # #.###.. #
#.##.....#.##
#.....#....##
..#....#.## .#
#......####.##
#......@ZX..#
#....#.##x..#
{ #..
#.#{.#...X. #
..#..{......
...#.#..#.....
.##..#
...#.... ..
.## .........
#. . .....ยง.


You could see a thrashing horror (strong), a large abomination, a small
abomination and a harpy skeleton.

Vanquished Creatures
  A bone dragon (Abyss:3)
  Arachne (Arena)
  Rupert (D:15)
  Mlioglotl (Spider:2)
  The ghost of kush the Immaculate, an adept HOFE of Zin (Spider:1)
  3 tentacled starspawn (Abyss:3)
  Gastronok (Orc:1)
  Agnes (Spider:2)
  3 ghost moths (Spider:2)
  A caustic shrike zombie (Abyss:3)
  A balrug (Abyss:3)
  A broodmother (Spider:2)
  Nessos (D:13)
  An eleionoma (Lair:2)
  Azrael (D:15)
  An ettin (D:15)
  2 spark wasps (Spider:2)
  Josephine (D:10)
  6 entropy weavers
  An entropy weaver (shapeshifter) (D:12)
  Erolcha (Orc:1)
  2 catoblepae
  6 hydras
  2 death knights (D:15)
  8 centaur warriors
  An ogre mage (D:12)
  2 jorogumos
  Erica (D:8)
  5 boulder beetles
  4 two-headed ogres
  A dancing weapon (Spider:1)
  3 hell hogs (Abyss:3)
  4 orc high priests (Orc:2)
  4 thrashing horrors (Lair:5)
  22 death yaks
  2 demonic crawlers
  3 tengu warriors (D:15)
  Sonja (Lair:2)
  4 sun demons (Abyss:3)
  2 wretched stars (Abyss:3)
  Nergalle (D:10)
  5 skeletal warriors (D:13)
  Amaemon (D:10)
  A sun moth (Spider:3)
  A skyshark (Lair:3)
  4 pharaoh ants
  2 deep trolls (D:15)
  3 orb spiders
  3 wizards
  3 orc knights
  A lindwurm (Lair:2)
  27 ugly things
  A deep elf archer (D:12)
  4 steelbarb worms
  2 deep elf pyromancers
  3 phantasmal warriors
  7 wolf spiders
  5 cyclopes
  3 orc sorcerers
  3 manticores
  11 elephants (Lair:5)
  An orange demon (D:10)
  3 smoke demons
  4 black mambas
  3 torpor snails
  6 cane toads (Lair:5)
  A rime drake (shapeshifter) (Lair:5)
  2 unseen horrors
  2 gargoyles
  A kobold demonologist (D:13)
  4 rime drakes
  2 efreet
  2 tengu conjurers (D:14)
  12 komodo dragons
  3 freezing wraiths
  An ancient zyme (Abyss:3)
  A polar bear (D:9)
  A burning bush (Lair:4)
  A hornet (shapeshifter) (D:13)
  9 trolls
  A hornet (D:10)
  5 dream sheep
  2 raiju (Lair:5)
  11 tarantellas
  40 blink frogs
  2 ynoxinuls (Lair:5)
  8 slime creatures (D:12)
  A spriggan (Lair:5)
  6 culicivoras
  18 jumping spiders
  3 shadows
  7 large abominations
  8 wraiths
  5 fire elementals (D:15)
  4 hogs (D:9)
  41 yaks
  17 humans
  2 vampires
  4 wyverns
  12 basilisks
  6 vampire mosquitoes (D:12)
  2 steam dragons
  27 redbacks
  A chaos spawn (Abyss:3)
  A two-headed ogre zombie (D:10)
  5 wargs
  3 hell hounds (D:15)
  19 water moccasins
  4 acid dragons
  25 orc warriors
  7 ice beasts
  2 sky beasts
  A black bear (shapeshifter) (Lair:5)
  4 black bears
  A boggart (D:12)
  5 ogres
  A tengu (D:5)
  11 centaurs
  20 wolves
  2 phantoms
  2 kobold brigands (D:10)
  3 gnoll sergeants
  13 bullfrogs
  9 scorpions
  18 small abominations
  4 wights (D:8)
  4 troll zombies (D:10)
  12 killer bees
  4 howler monkeys
  32 orc priests
  2 hounds
  5 gnoll boudas
  9 jellies
  3 sleepcaps
  Ijyb (D:3)
  4 iguanas
  25 orc wizards
  6 hell rats (Lair:3)
  3 ogre zombies (D:10)
  33 gnolls
  6 adders
  A white imp (Abyss:3)
  An ufetubus (D:5)
  4 worms
  4 dart slugs
  77 orcs
  7 bats
  8 endoplasms
  3 giant cockroaches
  8 goblins
  9 hobgoblins
  2 jackals (D:4)
  25 kobolds
  9 quokkas
  6 ball pythons
  4 frilled lizards
  4 goblin zombies (D:10)
  2 hobgoblin skeletons (D:10)
  2 hobgoblin zombies (D:10)
  2 orc skeletons (D:10)
  15 orc zombies (D:10)
  4 rats
  3 starspawn tentacles (Abyss:3)
1000 creatures vanquished.

Vanquished Creatures (others)
  A culicivora (Spider:1)
  12 spectral weapons
  3 starspawn tentacles (Abyss:3)
16 creatures vanquished.

Grand Total: 1016 creatures vanquished

Notes
Turn   | Place    | Note
-------+----------+-------------------------------------------
     0 | D:1      | Gladio the Formicid Fighter began the quest for the Orb.
     0 | D:1      | Reached XP level 1. HP: 18/18 MP: 1/1
   162 | D:1      | Reached XP level 2. HP: 24/24 MP: 2/2
   286 | D:1      | Reached XP level 3. HP: 29/29 MP: 3/3
   770 | D:2      | Reached XP level 4. HP: 37/37 MP: 4/4
  1024 | D:2      | Found a broken altar of Ashenzari.
  1049 | D:2      | Found a shimmering blue altar of Sif Muna.
  1552 | D:3      | Found a transporter.
  1572 | D:3      | Identified the ring of Wotetoaq {Str+6 Int+4 Dex+2}
  1595 | D:3      | Noticed Ijyb
  1614 | D:3      | Killed Ijyb
  1615 | D:3      | Reached XP level 5. HP: 38/42 MP: 5/5
  1673 | D:3      | Noticed Ethylacetat's ghost (amateur OpSh)
  1684 | D:3      | Reached skill level 5 in Shields
  1795 | D:3      | Found a transporter.
  1826 | D:3      | Reached XP level 6. HP: 24/48 MP: 6/6
  3205 | D:5      | Entered Level 5 of the Dungeon
  3260 | D:5      | Noticed a black bear
  3265 | D:5      | Killed a black bear
  3266 | D:5      | Reached XP level 7. HP: 52/55 MP: 7/7
  3300 | D:5      | Reached skill level 5 in Staves
  3565 | D:5      | Reached skill level 5 in Fighting
  3639 | D:5      | Noticed a water moccasin
  3647 | D:5      | a water moccasin changed into a tengu
  3651 | D:5      | HP: 2/56 [tengu (1)]
  3655 | D:5      | Reached skill level 5 in Armour
  3827 | D:5      | Reached XP level 8. HP: 20/62 MP: 8/8
  3982 | D:5      | Noticed a wraith
  3999 | D:5      | Killed a wraith
  4116 | D:5      | Found a shimmering blue altar of Sif Muna.
  4358 | D:5      | Noticed Edmund
  4448 | D:5      | Edmund changed into Edmund the worm
  4448 | D:5      | Noticed Edmund
  4452 | D:5      | Killed Edmund the worm
  5201 | D:6      | Reached XP level 9. HP: 59/69 MP: 9/9
  5927 | D:6      | Found a staircase to the Ecumenical Temple.
  5964 | Temple   | Entered the Ecumenical Temple
  5993 | Temple   | Became a worshipper of Warmaster Okawaru
  6784 | D:7      | Reached * piety under Okawaru
  6944 | D:7      | Reached XP level 10. HP: 72/79 MP: 10/10
  7514 | D:8      | Noticed Erica
  7530 | D:8      | Killed Erica
  7530 | D:8      | Reached ** piety under Okawaru
  8587 | D:8      | Reached *** piety under Okawaru
  8641 | D:9      | Reached skill level 10 in Staves
  8805 | D:9      | Found a staircase to the Lair.
  8807 | D:9      | Noticed a rime drake
  8812 | D:9      | Reached skill level 10 in Shields
  8812 | D:9      | Reached XP level 11. HP: 87/87 MP: 11/11
  9194 | D:9      | Reached **** piety under Okawaru
  9201 | D:9      | Found Edudgh's Antique Weapon Boutique.
  9837 | D:10     | Entered Level 10 of the Dungeon
  9906 | D:10     | Noticed Nergalle
  9916 | D:10     | Killed Nergalle
 10113 | D:10     | Identified a scroll of acquirement
 10117 | D:10     | Acquired a +6 spectral lajatang
 10143 | D:10     | Reached ***** piety under Okawaru
 10254 | D:10     | Found a staircase to the Orcish Mines.
 10325 | D:10     | Noticed Josephine
 10330 | D:10     | Received a gift from Okawaru
 10338 | D:10     | Killed Josephine
 10493 | D:10     | Reached XP level 12. HP: 96/96 MP: 12/12
 10552 | D:10     | Noticed a two-headed ogre
 10557 | D:10     | Killed a two-headed ogre
 10694 | D:10     | Noticed Amaemon
 10698 | D:10     | Killed Amaemon
 10775 | Abyss:3  | Cast into level 3 of the Abyss (a wizard)
 10832 | Abyss:3  | Noticed a bone dragon
 10840 | Abyss:3  | Noticed a tentacled starspawn
 10845 | Abyss:3  | Killed a bone dragon
 10846 | Abyss:3  | Reached skill level 10 in Fighting
 10846 | Abyss:3  | Reached skill level 10 in Armour
 10851 | Abyss:3  | Killed a tentacled starspawn
 10859 | Abyss:3  | Noticed a wretched star
 10860 | Abyss:3  | Noticed a wretched star
 10872 | Abyss:3  | Killed a wretched star
 10875 | Abyss:3  | Killed a wretched star
 10884 | D:10     | Escaped the Abyss
 10884 | D:10     | HP: 3/98 [wizard/fireball (43)]
 10891 | D:10     | Received a gift from Okawaru
 11135 | D:10     | Reached XP level 13. HP: 51/104 MP: 11/11
 11708 | Lair:1   | Entered Level 1 of the Lair of Beasts
 11809 | Lair:1   | Reached skill level 1 in Invocations
 12431 | Lair:1   | Received a gift from Okawaru
 13077 | Lair:2   | Noticed Sonja
 13080 | Lair:2   | Killed Sonja
 13525 | Lair:2   | Found a staircase to the Swamp.
 13533 | Lair:2   | Noticed an eleionoma
 13538 | Lair:2   | Killed an eleionoma
 13538 | Lair:2   | Received a gift from Okawaru
 14273 | Lair:3   | Reached skill level 1 in Throwing
 14321 | Lair:3   | Found a hole to the Spider Nest.
 14415 | Lair:3   | Reached XP level 14. HP: 70/114 MP: 17/17
 14840 | Lair:2   | Reached skill level 5 in Invocations
 14944 | Lair:2   | Received a gift from Okawaru
 16052 | Lair:4   | Reached skill level 15 in Staves
 16145 | Lair:4   | Found a staircase to the Slime Pits.
 16146 | Lair:4   | Found a viscous altar of Jiyva.
 16396 | Lair:4   | Received a gift from Okawaru
 16671 | Lair:4   | Reached ****** piety under Okawaru
 16675 | Lair:4   | Acquired the +8 orange crystal plate armour {Archmagi,
                  | Int+3 Clar}
 16675 | Lair:4   | Received a gift from Okawaru
 16675 | Lair:4   | Found the +8 orange crystal plate armour {Archmagi, Int+3
                  | Clar}
 16692 | Lair:4   | Acquired a +4 lajatang of speed
 16692 | Lair:4   | Received a gift from Okawaru
 17168 | Lair:5   | Entered Level 5 of the Lair of Beasts
 17346 | Lair:5   | Reached XP level 15. HP: 109/122 MP: 19/19
 17377 | Lair:5   | Received a gift from Okawaru
 17732 | Lair:5   | Found a runed translucent gate.
 17732 | Lair:5   | Found a runed translucent gate.
 17734 | Lair:5   | Found a runed translucent gate.
 17739 | Lair:5   | Noticed Opifex's ghost (journeyman TrMo)
 17796 | Lair:5   | Reached skill level 5 in Throwing
 17984 | Lair:5   | Received a gift from Okawaru
 18010 | Lair:5   | Reached skill level 15 in Shields
 18313 | Lair:5   | Identified the ring "Yserutua" {rN+ EV+5}
 18432 | Arena    | Entered the Arena
 18485 | Lair:5   | Received a gift from Okawaru
 18577 | Lair:5   | Found a corrupted altar of Lugonu.
 18577 | Lair:5   | Found a one-way gate to the infinite horrors of the Abyss.
 19197 | D:11     | Reached XP level 16. HP: 131/131 MP: 22/22
 19318 | D:11     | Identified the +1 robe "Taotaeto" {-Cast rPois Str+3}
 19766 | D:12     | Received a gift from Okawaru
 20004 | Arena    | Entered the Arena
 20946 | D:12     | Received a gift from Okawaru
 21020 | D:13     | Noticed Nessos
 21020 | D:13     | Found a gate to the Vaults.
 21138 | D:13     | Killed Nessos
 21428 | D:13     | Identified the +10 sling of Tiriloe {freeze, rF- Str+3
                  | Int+6 Dex-5}
 21596 | D:13     | Found Lueke's Antique Armour Boutique.
 22054 | D:14     | Found a runed translucent gate.
 22054 | D:14     | Found a runed translucent gate.
 22054 | D:14     | Found a runed translucent gate.
 22054 | D:14     | Found an ancient bone altar of Kikubaaqudgha.
 22054 | D:14     | Noticed a lich
 22055 | D:14     | Noticed Ybissid's ghost (adept DjCj)
 22055 | D:14     | Noticed Couluus's ghost (journeyman MiBe)
 22055 | D:14     | Noticed a lich
 22055 | D:14     | Noticed a lich
 22060 | D:14     | Received a gift from Okawaru
 22181 | D:14     | Found Ameohar's Antique Armour Shoppe.
 22477 | D:15     | Entered Level 15 of the Dungeon
 22509 | D:15     | Reached XP level 17. HP: 124/140 MP: 21/24
 22516 | D:15     | Reached skill level 10 in Invocations
 22718 | D:15     | Found a staircase to the Depths.
 22725 | D:15     | Reached skill level 15 in Fighting
 22856 | D:15     | Received a gift from Okawaru
 22858 | D:15     | Noticed Azrael
 22879 | D:15     | Killed Azrael
 22880 | D:15     | Reached skill level 15 in Armour
 23360 | D:15     | Received a gift from Okawaru
 23650 | D:15     | Noticed Rupert
 23658 | D:15     | Killed Rupert
 23944 | Orc:1    | Entered Level 1 of the Orcish Mines
 23982 | Orc:1    | Noticed Gastronok
 23988 | Orc:1    | Killed Gastronok
 24028 | Orc:1    | Noticed Erolcha
 24048 | Orc:1    | Killed Erolcha
 24076 | Orc:1    | Found Iteria's Jewellery Shop.
 24205 | Orc:2    | Entered Level 2 of the Orcish Mines
 24755 | Orc:2    | Found a staircase to the Elven Halls.
 24759 | Orc:2    | Received a gift from Okawaru
 24946 | Orc:2    | Found Xiof Nua's Armour Boutique.
 24946 | Orc:2    | Found Yfaowiho's Book Boutique.
 24947 | Orc:2    | Found Hojed's Armour Shop.
 24951 | Orc:2    | Found Gelat's Antique Armour Shop.
 24959 | Orc:2    | Bought a tower shield for 139 gold pieces
 24959 | Orc:2    | Bought a glowing scarf for 248 gold pieces
 25335 | Spider:1 | Entered Level 1 of the Spider Nest
 25696 | Spider:1 | Found a runed translucent door.
 25697 | Spider:1 | Found a shimmering altar of Xom.
 25697 | Spider:1 | Noticed kush's ghost (adept HOFE)
 26292 | Spider:1 | Reached XP level 18. HP: 145/146 MP: 25/25
 26300 | Spider:1 | Killed kush's ghost
 26339 | Spider:2 | Noticed Agnes
 26625 | Spider:2 | Noticed Mlioglotl
 26779 | Spider:2 | Received a gift from Okawaru
 26950 | Spider:2 | Killed Agnes
 26972 | Spider:2 | Killed Mlioglotl
 27739 | Spider:3 | Noticed Arachne
 27740 | Spider:3 | Noticed Louise
 27836 | Spider:2 | Received a gift from Okawaru
 27996 | Arena    | Entered the Arena
 28000 | Arena    | Killed Arachne
 28029 | Spider:3 | Reached skill level 10 in Throwing
 28126 | Spider:3 | Noticed Roxanne
 28134 | Abyss:3  | Cast into level 3 of the Abyss (Louise)
 28332 | Abyss:3  | HP: 1/156 [smoke demon/divine providence (13)]
 28335 | Abyss:3  | Slain by a harpy skeleton

Illustrated notes

Levels and vault maps discovered:
D:1:      minmay_arrival_split_and_join, layout_rooms, minmay_unequal
D:2:      wad_woods_stonehenge, layout_basic, basic_altar, st_stairs_7,
          fountainhead, grunt_decor_mini_mirrors
D:3:      cheibrodos_old_hovel, layout_rooms, gammafunk_ghost_mausoleum,
          grunt_decor_junction, uniq_ijyb
D:4:      layout_basic, serial_bayou_crossing
D:5:      layout_loops_ring, lemuel_blue_sif_altar,
          hangedman_abyss_or_decor_slice, minmay_small_thing, uniq_edmund
D:6:      layout_basic, temple_statues, minmay_fractal_squares_5
D:7:      layout_basic
D:8:      layout_loops_ring, grunt_ministairs_4, uniq_erica
D:9:      layout_irregular_city, hellmonk_lair_entry_icy, st_stairs_2,
          nicolae_stop_n_shop_2, grunt_livestock
D:10:     layout_roguey, zombieorc2_lemuel, laboratory, uniq_nergalle,
          uniq_amaemon, uniq_josephine
D:11:     layout_irregular_city, kennysheep_generic_room_6
D:12:     nzn_winding_woodlands_stair_cross
          [nzn_winding_woodlands_5x15_longhouse,
          nzn_winding_woodlands_center_garden,
          nzn_winding_woodlands_5x15_pockets,
          nzn_winding_woodlands_5x5_checkerboard,
          nzn_winding_woodlands_5x5_default, nzn_winding_woodlands_5x15_garden,
          nzn_winding_woodlands_center_triple_pond,
          nzn_winding_woodlands_5x15_cabin], layout_long_grid,
          minmay_misc_feat_encased
D:13:     layout_basic, david_vaults_3, serial_shops, shop,
          kennysheep_decorative_pillar
D:14:     layout_roguey, serial_shops, shop, gammafunk_ghost_crypt
D:15:     hangedman_depths_entry_civil_slaughter, layout_stronghold,
          hangedman_decor_cross_pass, uniq_rupert, uniq_azrael
Temple:   compressed_dpeg_triangle_lava_temple
Lair:1:   hellmonk_destroyed_diamonds, layout_layer_cave, serial_bayou_pond_a
Lair:2:   layout_concentric_octagons, alex1729_swamp_entry_worm_eleionoma,
          uniq_sonja
Lair:3:   layout_loops_ring, nicolae_spider_entry_non_spiders, minivault_25,
          serial_bayou_pond_c, grunt_megastairs_5, lemuel_fruit_fields
Lair:4:   layout_cave_pods, nicolae_slime_entry_field_trip,
          grunt_forest_stairs_basic, evilmike_ambush
          [evilmike_ambush_outer_doors, evilmike_ambush_inner_basic]
Lair:5:   hellmonk_lair_end_abyssal_woods, layout_gridlike,
          gammafunk_ghost_necromancy, fungi_pond_lemuel
Spider:1: layout_spider_delve, ebering_ghost_xom
Spider:2: layout_spider_delve, drop_trap, nicolae_spider_eight_legs, uniq_agnes,
          uniq_mlioglotl
Spider:3: layout_spider_delve, uniq_louise, uniq_roxanne, uniq_arachne
Orc:1:    layout_diamond_mine, serial_shops, shop, uniq_gastronok, uniq_erolcha
Orc:2:    st_orc_mages, layout_caves
Abyss:3:  base: D:3, gammafunk_abyss_exit_x_factor, hangedman_abyss_sting, base:
          D:5, evilmike_abyss_exit_6, evilmike_abyss_exit_5

Skill      XL: |  1  2  3  4  5  6  7  8  9 10 11 12 13 14 15 16 17 18 |
---------------+-------------------------------------------------------+-----
Staves         | 3 4 5 7 8 10 11 13 14 15 16 | 16.0
Fighting       | 4 5 6 7 8 9 10 11 12 13 14 16 17 | 17.7
Armour         | 4 5 6 7 8 9 10 11 12 13 14 16 17 | 17.6
Shields        | 5 6 7 8 10 11 12 13 14 15 16 | 16.0
Invocations    | 4 6 8 9 10 | 10.0
Throwing       | 1 4 6 7 9 10 | 10.2

Action                     |  1- 3 |  4- 6 |  7- 9 | 10-12 | 13-15 | 16-18 || total
---------------------------+-------+-------+-------+-------+-------+-------++-------
  Melee: Quarterstaff      |    91 |   222 |   102 |       |    29 |       ||   444
         Flail             |       |       |   145 |   333 |       |       ||   478
         Lajatang          |       |       |       |   146 |   644 |   876 ||  1666
  Throw: Javelin           |       |       |       |       |    11 |    14 ||    25
         Boomerang         |       |       |       |       |     6 |       ||     6
 Invoke: Heroism           |       |       |       |     6 |    10 |    10 ||    26
         Finesse           |       |       |       |     1 |     2 |     4 ||     7
         Receive Weapon    |       |       |       |       |     1 |       ||     1
         Receive Armour    |       |       |       |       |     1 |       ||     1
         Duel              |       |       |       |       |     1 |     2 ||     3
Ability: Dig               |       |       |     2 |       |     4 |     4 ||    10
  Evoke: Wand              |       |     1 |     2 |     1 |       |       ||     4
    Use: Potion            |       |     2 |     1 |     5 |     1 |     5 ||    14
         Scroll            |       |       |     7 |     9 |    13 |     8 ||    37
   Stab: Distracted        |       |       |       |     2 |     5 |    12 ||    19
         Invisible         |       |       |       |       |       |     9 ||     9
 Armour: Scale mail        |    57 |   152 |    84 |       |       |       ||   293
         Chain mail        |       |       |   132 |   268 |     7 |       ||   407
         Plate armour      |       |       |       |       |   162 |       ||   162
         Crystal plate arm |       |       |       |       |   201 |   475 ||   676
  Dodge: Dodged            |    37 |   122 |   100 |   121 |   128 |   232 ||   740
  Block: Buckler           |    31 |    43 |    99 |   260 |   290 |   176 ||   899
         Reflection        |       |       |       |     8 |     4 |    32 ||    44
         Kite shield       |       |       |       |       |       |   203 ||   203
         Tower shield      |       |       |       |       |       |   339 ||   339

Table legend: (Time is in decaauts)
 A = Elapsed time spent in this place.
 B = Non-inter-level travel time spent in this place.
 C = Inter-level travel time spent in this place.
 D = Time resting spent in this place.
 E = Time spent auto-exploring this place.
 F = Levels seen in this place.
 G = Mean time per level.
                   A        B        C        D        E       F      G
               +--------+--------+--------+--------+--------+-----+--------+
         Total |  27984 |  26263 |   1721 |     25 |  20985 |  31 |  902.7 |
       Dungeon |  16499 |  15739 |    760 |      0 |  12816 |  15 | 1099.9 |
        Temple |     44 |      4 |     40 |      0 |      0 |   1 |   44.0 |
          Lair |   7153 |   6650 |    503 |     10 |   5417 |   5 | 1430.6 |
   Spider Nest |   2747 |   2481 |    266 |      0 |   1933 |   3 |  915.7 |
  Orcish Mines |   1190 |   1040 |    150 |      0 |    739 |   2 |  595.0 |
         Abyss |    282 |    282 |      0 |     15 |     32 |   2 |  141.0 |
         Arena |     67 |     67 |      0 |      0 |     48 |   3 |   22.3 |
               +--------+--------+--------+--------+--------+-----+--------+

Top non-repeatable levels by time:
  Lair:2: 1774 daAuts
     D:5: 1716 daAuts
    D:10: 1706 daAuts
  Lair:5: 1452 daAuts
    D:15: 1401 daAuts
     D:9: 1384 daAuts
  Lair:4: 1374 daAuts
  Lair:1: 1337 daAuts
    D:12: 1300 daAuts
     D:7: 1269 daAuts
Spider:2: 1256 daAuts
     D:8: 1245 daAuts
  Lair:3: 1215 daAuts
Spider:1: 1182 daAuts
     D:6: 1102 daAuts
